 Dungeon Crawl Stone Soup version bcrawl-1.35.4c (webtiles) character file.

Game seed: 12125909551645550121

369053 Morbidden the Carver (level 10, -8/60 HPs)
             Began as a Skeleton Fighter on Feb 26, 2022.
             Was a Believer of Cheibriados.
             Killed from afar by a gargoyle (17 damage)
             ... with a stone arrow
             ... on level 7 of the Dungeon.
             The game lasted 00:14:45 (7410 turns).

Morbidden the Carver (Skeleton Fighter)             Turns: 7410, Time: 00:14:45

Health: -8/60      AC: 11    Str: 31 (32) XL:     10   Next: 55%
Magic:  0/21       EV:  9    Int: 16 (17) God:    Cheibriados [**....]
Gold:   360        SH: 12    Dex: 11 (13) Spells: 21/24 levels left

rFire    . . .     SeeInvis .   b - +1 short sword (drain)
rCold    + . .     Gourm    .   c - +0 medium shield
rNeg     + + +     Faith    .   r - +0 chain mail {MR+}
rPois    ∞         Spirit   +   (no helmet)
rElec    .         Reflect  .   g - +0 cloak
rCorr    .         Clarity  +   (no gloves)
MR       ++...                  (no boots)
Stlth    ..........             v - amulet of regeneration
HPRegen  0.20/turn              p - +3 ring of intelligence
MPRegen  0.17/turn              s - ring of Fanli {+Fly Str+3}

@: about to teleport, very slow
A: no food or potions, cold resistance 1, deterioration 1, negative energy
resistance 3, powered by death 1, torment resistance, unbreathing, magic shield,
sturdy frame 2, spell healing
a: Bend Time, Defer, Renounce Religion, Evoke Flight


You were on level 7 of the Dungeon.
You worshipped Cheibriados.
Cheibriados was pleased with you.
You were not hungry.

You visited 2 branches of the dungeon, and saw 9 of its levels.

You collected 502 gold pieces.
You spent 142 gold pieces at shops.

Inventory:

Hand Weapons
 a - a +0 scimitar
 b - a +1 short sword of draining (weapon)
Missiles
 e - 53 poisoned needles
 t - 166 poisoned tomahawks (quivered)
Armour
 c - a +0 medium shield (worn)
 g - a +0 cloak (worn)
 r - a +0 chain mail of magic resistance (worn)
 w - a +0 pair of gloves
Jewellery
 p - a +3 ring of intelligence (left hand)
 s - the ring of Fanli (right hand) {+Fly Str+3}
   (You found it on level 6 of the Dungeon)

   [ring of flight]

   It affects your strength (+3).
   It lets you fly.
 v - an amulet of regeneration (around neck)
Wands
 h - a wand of polymorph (10)
Scrolls
 f - 4 scrolls of immolation
 i - a scroll of identify
 j - 3 scrolls of enchant weapon
 k - 2 scrolls of remove curse
 l - 3 scrolls of amnesia
 m - 3 scrolls of teleportation
 n - 3 scrolls of enchant armour
 q - a scroll of magic mapping


   Skills:
 * Level 6.2 Fighting
 + Level 6.7(8.5) Short Blades
 * Level 8.1(9.2) Long Blades
 + Level 1.6 Throwing
 + Level 6.4 Armour
 * Level 4.7 Dodging
 + Level 0.9 Stealth
 + Level 7.5 Shields
 * Level 7.6 Spellcasting
 * Level 3.0 Conjurations
 * Level 2.6 Earth Magic
 * Level 3.0 Invocations


You had 21 spell levels left.
You knew the following spells:

 Your Spells              Type           Power        Failure   Level  Hunger
a - Stone Arrow           Conj/Erth      ###...       86%         3    N/A

Your spell library contained the following spells:

 Spells                   Type           Power        Failure   Level  Hunger
 Sandblast                Erth           ##....       52%         1    N/A
 Passwall                 Tmut/Erth      ##......     85%         2    N/A
 Petrify                  Tmut/Erth      ##........   100%        4    N/A
 Lee's Rapid Deconstruct  Erth           ##........   100%        5    N/A

Dungeon Overview and Level Annotations

Branches:
Dungeon (8/12)             Temple (1/1) D:4
   Lair: D:7-9          Orc: D:8-11

Altars:
Ashenzari
Cheibriados
Dithmenos
Elyvilon
Fedhas
Gozag
Hepliaklqana
Kikubaaqudgha
Lugonu
Makhleb
Nemelex Xobeh
Okawaru
Qazlal
Ru
Sif Muna
Trog
Uskayaw
Wu Jian
Xom
Yredelemnul
Zin

Shops:
D:4 (   D:5 !   D:6 ([[

Annotations:
D:5 1 runed translucent door, zoran's ghost, novice MiCK


Innate Abilities, Weirdness & Mutations

You do not eat or drink.
You are immune to poison.
Your flesh is cold resistant. (rC+)
Your body sometimes deteriorates upon taking damage.
You are immune to negative energy. (rN+++)
You regenerate a little health from kills.
You are immune to unholy pain and torment.
You can survive without breathing.
When hurt, damage is shared between your health and your magic reserves.
Your movements are less encumbered by armour. (ER -4)
Casting spells heals you.


Message History

The slime creature hits you but does no damage.
Unknown command.
Unknown command.
Unknown command.
You hit the slime creature.
The slime creature is lightly wounded.
Unknown command.
Unknown command.
Your surroundings suddenly seem different.
Unknown command.
Unknown command.
Unknown command.
You can't drink.
Unknown command.
Unknown command.
As you read the scroll of teleportation, it crumbles to dust.
You feel strangely unstable.
The gargoyle hurls a stone arrow at you.
The stone arrow hits you!!
You die...

....######.#..######..#.##....#..
###...............###...#.....#..
.....###..........####..#....##(.
........................#....###.
####>.......).....#####.#).### ##
.######'##........## #.#)#######
.##.##...##.....[..## #.#†.......
.##^#.≈.≈.#.........# #.#........
....#≈≈.≈≈#...9.@.#.###.#........
.####≈≈_≈≈###.#####..##.####'####
..# #≈#∩#≈# #..#####....###...##
#.# ####### ##...##(....##.....##
#.## ###.<......#.......#
...#############....#####.......#
#...............9#..#####.......#
###.......(.......#..=..##.....##
###############.###...###...###


You could see a gargoyle.

Vanquished Creatures
  A manticore (D:7)
  2 hippogriffs
  5 slime creatures (D:7)
  Sigmund (D:4)
  A steam dragon (D:6)
  A crocodile (D:5)
  Duvessa (D:7)
  2 ice beasts
  2 sky beasts (D:6)
  8 ogres
  2 phantoms (D:7)
  2 centaurs
  5 bullfrogs
  2 big kobolds
  A water moccasin skeleton (D:7)
  Dowan (D:7)
  5 killer bees (D:7)
  4 wights (D:6)
  3 howler monkeys (D:7)
  4 orc priests
  A centaur zombie (D:6)
  A quasit (D:8)
  3 crimson imps
  A bullfrog zombie (D:6)
  6 hounds
  3 jellies
  A centaur skeleton (D:8)
  5 orc wizards
  2 bullfrog skeletons
  A gnoll shaman (D:7)
  6 iguanas
  A worker ant (D:6)
  A hound zombie (D:7)
  2 hound skeletons
  4 gnolls (D:7)
  9 adders
  4 shadow imps
  An adder skeleton (D:4)
  5 worms
  4 dart slugs
  4 leopard geckos
  31 orcs
  2 ball pythons
  4 giant cockroaches
  13 hobgoblins
  10 jackals
  10 quokkas
  10 bats
  3 frilled lizards
  5 goblins
  9 kobolds
  4 rats
219 creatures vanquished.

Notes
Turn   | Place    | Note
-------+----------+-------------------------------------------
     0 | D:1      | Morbidden the Skeleton Fighter began the quest for the Orb.
     0 | D:1      | Reached XP level 1. HP: 14/14 MP: 1/1
   517 | D:1      | Reached XP level 2. HP: 19/19 MP: 2/2
   650 | D:1      | Reached skill level 3 in Long Blades
   903 | D:1      | Reached XP level 3. HP: 21/23 MP: 2/4
  1428 | D:2      | Reached skill level 1 in Spellcasting
  1666 | D:2      | Found a corrupted altar of Lugonu.
  1693 | D:2      | Reached skill level 4 in Long Blades
  1693 | D:2      | Reached XP level 4. HP: 24/28 MP: 5/5
  2031 | D:3      | Reached skill level 1 in Dodging
  2099 | D:3      | Reached XP level 5. HP: 31/32 MP: 7/7
  2269 | D:3      | Reached skill level 1 in Short Blades
  2392 | D:3      | Reached skill level 5 in Long Blades
  2392 | D:3      | Gained mutation: You regenerate a little health from kills.
                  | [Skeleton growth]
  2392 | D:3      | Reached XP level 6. HP: 32/37 MP: 7/9
  2856 | D:4      | Found a blossoming altar of Fedhas.
  2856 | D:4      | Found a stormy altar of Qazlal.
  3065 | D:4      | Found a staircase to the Ecumenical Temple.
  3078 | Temple   | Entered the Ecumenical Temple
  3317 | D:4      | Noticed Sigmund
  3326 | D:4      | Killed Sigmund
  3327 | D:4      | Reached XP level 7. HP: 36/42 MP: 9/11
  3392 | D:4      | Found Boclu's Weapon Boutique.
  3429 | D:4      | Reached skill level 5 in Shields
  3562 | D:4      | Found a glowing silver altar of Zin.
  3715 | D:4      | Found an opulent altar of Gozag.
  3894 | D:5      | Entered Level 5 of the Dungeon
  3894 | D:5      | Noticed a hippogriff
  3914 | D:4      | Killed a hippogriff
  3920 | D:4      | Reached skill level 6 in Long Blades
  3920 | D:4      | Reached XP level 8. HP: 22/48 MP: 8/14
  4193 | D:5      | Found a runed translucent door.
  4210 | D:5      | Reached skill level 5 in Armour
  4357 | D:5      | Noticed zoran's ghost (novice MiCK)
  4376 | D:5      | Found Vup Suqysy's Distillery.
  4422 | D:5      | Found a shimmering blue altar of Sif Muna.
  4428 | D:5      | Reached skill level 1 in Throwing
  4428 | D:5      | Reached skill level 5 in Spellcasting
  4507 | D:6      | Reached skill level 5 in Short Blades
  4534 | D:6      | Reached skill level 5 in Fighting
  4717 | D:6      | Got a transparent marble ring
  4718 | D:6      | Identified the ring of Fanli {+Fly Str+3} (You found it on
                  | level 6 of the Dungeon)
  4759 | D:6      | Reached XP level 9. HP: 43/54 MP: 12/17
  4885 | D:6      | Found a snail-covered altar of Cheibriados.
  4909 | D:6      | Became a worshipper of Cheibriados the Contemplative
  4979 | D:6      | Reached skill level 7 in Long Blades
  5140 | D:6      | Reached skill level 1 in Invocations
  5265 | D:6      | Found Juisch's Antique Armour Emporium.
  5272 | D:6      | Bought a glowing chain mail for 142 gold pieces
  5375 | D:6      | Found a sacrificial altar of Ru.
  5447 | D:6      | Learned a level 3 spell: Stone Arrow
  5497 | D:6      | Found Vuntiykh's Weapon Shoppe.
  5612 | D:6      | Reached * piety under Cheibriados
  5642 | D:6      | Found Unucag's Armour Boutique.
  5774 | D:6      | Reached skill level 1 in Conjurations
  5782 | D:6      | Reached skill level 1 in Earth Magic
  6089 | D:7      | Noticed Duvessa
  6089 | D:7      | Noticed Dowan
  6362 | D:7      | Killed Dowan
  6363 | D:7      | Gained mutation: Your movements are less encumbered by
                  | armour. (ER -4) [Skeleton growth]
  6363 | D:7      | Reached XP level 10. HP: 59/60 MP: 18/20
  6415 | D:7      | Killed Duvessa
  6498 | D:7      | Found a burning altar of Makhleb.
  6580 | D:7      | Noticed a manticore
  6599 | D:7      | Killed a manticore
  6635 | D:7      | Reached ** piety under Cheibriados
  6774 | D:7      | Noticed a gargoyle
  7082 | D:7      | Reached skill level 8 in Long Blades
  7410 | D:7      | Killed from afar by a gargoyle

Skill      XL: |  1  2  3  4  5  6  7  8  9 10 |
---------------+-------------------------------+-----
Long Blades    | 3 4 5 6 7 8 |  8.1
Spellcasting   | 1 2 3 4 5 6 7 |  7.6
Shields        | 4 5 6 7 |  7.5
Dodging        | 1 2 3 4 |  4.7
Short Blades   | 1 3 4 5 6 |  6.7
Armour         | 4 5 6 |  6.4
Fighting       | 4 5 6 |  6.2
Throwing       | 1 |  1.6
Invocations    | 2 3 |  3.0
Conjurations   | 1 3 |  3.0
Earth Magic    | 1 2 |  2.6
Stealth        | |  0.9

Action                   |  1- 3 |  4- 6 |  7- 9 | 10-12 || total
-------------------------+-------+-------+-------+-------++-------
Melee: Long sword        |   162 |    10 |       |       ||   172
       Short sword       |       |   150 |   588 |   178 ||   916
Throw: Tomahawk          |       |    13 |    19 |    25 ||    57
  Use: Scroll            |       |     1 |     4 |    10 ||    15
Armor: Scale mail        |    79 |    60 |   170 |       ||   309
       Chain mail        |       |       |    58 |    52 ||   110
Dodge: Dodged            |    47 |    38 |   157 |    37 ||   279
Block: Medium shield     |    99 |    73 |   346 |    87 ||   605
